 Dungeon Crawl Stone Soup version 0.18.1-50-g88ac8fd (webtiles) character file.

47 magog001 the Vandal (level 3, -1/24 HPs)
             Began as a Halfling Hunter on Dec 24, 2017.
             Slain by a hobgoblin
             ... wielding a +0 club
             ... led by Robin
              (5 damage)
             ... on level 1 of the Dungeon.
             The game lasted 00:10:14 (1324 turns).

magog001 the Vandal (Halfling Hunter)               Turns: 1324, Time: 00:10:16

Health: -1/24      AC:  5    Str: 12    XL:     3   Next: 97%
Magic:  3/3        EV: 13    Int: 10    God:
Gold:   58         SH:  0    Dex: 15    Spells: 0 memorised, 2 levels left

rFire  . . .     SeeInvis .     a - +1 hunting sling
rCold  . . .     Gourm    .     p - +0 ring mail
rNeg   + . .     Faith    .     (shield restricted)
rPois  +         Spirit   .     (no helmet)
rElec  .         Dismiss  .     (no cloak)
rCorr  .         Reflect  .     (no gloves)
SustAt .         Harm     .     (no boots)
MR     .....                    (no amulet)
Stlth  +.........               i - ring of poison resistance
                                n - ring of positive energy

@: not resistant to hostile enchantments, very unstealthy
A: mutation resistance 1
a: no special abilities


You were on level 1 of the Dungeon.
You were not hungry.

You visited 1 branch of the dungeon, and saw 2 of its levels.

You collected 58 gold pieces.

Inventory:

Hand Weapons
 a - a +1 hunting sling (weapon)
 b - a +0 short sword
 k - a cursed -3 dagger
Missiles
 d - 19 sling bullets (quivered)
 l - 53 stones
 m - 12 poisoned needles
Armour
 c - a +0 leather armour
 p - a +0 ring mail (worn)
Jewellery
 e - an uncursed ring of protection from cold
 i - a ring of poison resistance (right hand)
 n - a ring of positive energy (left hand)
Scrolls
 g - 2 scrolls of identify {unknown}
 q - a scroll of enchant weapon {unknown}
 t - a scroll of blinking {unknown}
 u - a scroll of remove curse {unknown}
Potions
 j - a potion of magic {unknown}
 v - a potion of agility {unknown}
 w - a potion of flight {unknown}
Books
 s - a book of Callings

   Spells                             Type                      Level
   a - Summon Small Mammal            Summoning                    1
   b - Call Imp                       Summoning                    2
   c - Call Canine Familiar           Summoning                    3
   d - Summon Guardian Golem          Hexes/Summoning              3
   e - Summon Lightning Spire         Summoning/Air                4
   f - Summon Ice Beast               Ice/Summoning                4
Comestibles
 f - 3 bread rations
 h - a royal jelly
 o - 3 chunks of flesh
 r - a beef jerky
 x - a meat ration


   Skills:
 * Level 2.0 Fighting
 * Level 7.4 Slings
 * Level 2.3 Dodging
 * Level 1.2 Stealth


You had 2 spell levels left.
You didn't know any spells.

Dungeon Overview and Level Annotations

Branches:
Dungeon (2/15)

Altars:
Dithmenos
The Shining One

Annotations:
D:2 Robin


Innate Abilities, Weirdness & Mutations

You are small and have problems with some larger weapons.
You are somewhat resistant to further mutation.


Message History

A mysterious force pulls you upwards. The hatch slams shut behind you.
Firing (i - inventory. (,) - cycle):
d - 22 sling bullets (quivered)
Press: ? - help, Shift-Dir - straight line, f - goblin
Aim: a goblin, wielding a dagger (unusually strong)
You shoot a sling bullet. The sling bullet hits the goblin.
You kill the goblin!
Firing (i - inventory. (,) - cycle):
d - 21 sling bullets (quivered)
Press: ? - help, Shift-Dir - straight line, f - hobgoblin
Aim: a hobgoblin, wielding a club (unusually strong)
You shoot a sling bullet. The sling bullet hits the hobgoblin.
The hobgoblin is heavily wounded.
The hobgoblin hits you with a club.
* * * LOW HITPOINT WARNING * * *
Firing (i - inventory. (,) - cycle):
d - 20 sling bullets (quivered)
Press: ? - help, Shift-Dir - straight line, f/p - hobgoblin
Aim: a hobgoblin, wielding a club (heavily wounded, unusually strong)
You shoot a sling bullet. The sling bullet hits the hobgoblin.
The hobgoblin is severely wounded.
The hobgoblin hits you with a club.
You die...

..................#.#.#...#.#
.############.#####.#.#...#.#
.#................#.#.#...#.#
.#............###.#.#.#...#.#
...#########..# #.#.#.##..#.#
.#.# #..# #.#.#.....#.# .#.#
#..# #.#.####.##.# ##.#
#..###.#.#.......# .#.#
#...(@g#.#.###.### .#.#
#...............#
#.################.#.######
#..................#.#
##################.#.#
..........# ###########


You could see a hobgoblin.

Vanquished Creatures
  An adder (D:2)
  A worm (D:2)
  2 giant geckos (D:2)
  3 giant cockroaches
  8 goblins
  4 hobgoblins
  3 jackals (D:2)
  3 kobolds
  2 bats (D:1)
  4 rats
31 creatures vanquished.

Vanquished Creatures (others)
  5 toadstools (D:1)
5 creatures vanquished.

Grand Total: 36 creatures vanquished

Notes
Turn   | Place    | Note
--------------------------------------------------------------
     0 | D:1      | magog001 the Halfling Hunter began the quest for the Orb.
     0 | D:1      | Reached XP level 1. HP: 14/14 MP: 1/1
   177 | D:1      | Reached skill level 6 in Slings
   443 | D:1      | Reached XP level 2. HP: 19/19 MP: 2/2
   995 | D:2      | Found a shadowy altar of Dithmenos.
  1042 | D:2      | Reached skill level 7 in Slings
  1042 | D:2      | Reached XP level 3. HP: 24/24 MP: 3/3
  1246 | D:2      | Found a glowing golden altar of the Shining One.
  1296 | D:2      | Noticed Robin
  1324 | D:1      | Slain by a hobgoblin

Skill      XL: |  1  2  3 |
---------------+----------+-----
Slings         | 6 7 |  7.4
Fighting       | 2 |  2.0
Dodging        | |  2.3
Stealth        | |  1.2

Action                   || total
-------------------------++-------
 Fire: Hunting sling     ||   105
  Eat: Chunk             ||     1
Armor: Leather armour    ||     1
       Ring mail         ||     7
Dodge: Dodged            ||    24
